General information
- name: BNet
- type: Ladder team game (AT/RT)
- host: Battle.net
- saver: BMtakesskill
map: Battleground
- players: 8
- length: 16:51
- speed: Fast
- version: 1.24 W3XP
- replay type: Public
» download(129 KB)
Players
team 1 (winner)
Plashendel (
teal | 56 APM | 938 actions | 16:50)
5 Tauren Chieftain
2 Shockwave
3 Endurance Aura
3 Far Seer
2 Feral Spirit
1 Chain Lighting
» actions
| Basic commands | 52 | |
| Build / train | 64 | |
| Enter build submenu | 15 | |
| Enter hero's abilities submenu | 8 | |
| Give item / drop item | 3 | |
| Right click | 477 | |
| Select / deselect | 272 | |
| Use ability | 47 | |
938 total
» units
| Peon | 10 | |
| Troll Headhunter/Berserker | 14 | |
| Forest Troll Shadow Priest | 3 | |
| Forest Troll Berserker | 1 | |
| Troll Witch Doctor | 1 | |
| Shaman | 3 | |
32 total
» upgrades
| Ranged Weapons | 2 | |
| Armor | 2 | |
| Troll Regeneration | 1 | |
| Shaman Training | 2 | |
| Witch Doctor Training | 2 | |
| Berserker Upgrade | 1 | |
| Reinforced Defenses | 1 | |
11 total
» buildings
| Altar of Storms | 1 | |
| Orc Burrow | 6 | |
| Barracks | 2 | |
| War Mill | 1 | |
| Voodoo Lounge | 1 | |
| Watch Tower | 2 | |
| Stronghold | 1 | |
| Fortress | 1 | |
| Spirit Lodge | 2 | |
17 total
» build order
00:23 Altar of Storms
00:36 Orc Burrow
00:55 Barracks
01:18 War Mill
01:54 Barracks
02:19 Orc Burrow
02:37 Orc Burrow
02:53 Orc Burrow
03:03 Voodoo Lounge
04:07 Watch Tower
05:22 Watch Tower
06:10 Stronghold
09:23 Fortress
09:27 Spirit Lodge
09:30 Spirit Lodge
16:26 Orc Burrow
16:27 Orc Burrow
» items
| Healing Salve | 3 | |
| Circlet of Nobility | 1 | |
| Scroll of Town Portal | 1 | |
5 total
BMtakesskill (
orange | 82 APM | 1390 actions | 16:51)
5 Blademaster
3 Wind Walk
2 Critical Strike
» actions
| Assign group hotkey | 36 | |
| Basic commands | 14 | |
| Build / train | 59 | |
| Enter build submenu | 15 | |
| Enter hero's abilities submenu | 5 | |
| Remove unit from queue | 5 | |
| Right click | 869 | |
| Select / deselect | 226 | |
| Select group hotkey | 98 | |
| Use ability | 63 | |
1390 total
» units
| Peon | 8 | |
| Grunt | 4 | |
| Wind Rider | 5 | |
| Troll Batrider | 18 | |
35 total
» upgrades
| Liquid Fire | 1 | |
| Ranged Weapons | 1 | |
2 total
» buildings
| Altar of Storms | 1 | |
| Orc Burrow | 5 | |
| Barracks | 1 | |
| Stronghold | 3 | |
| Voodoo Lounge | 1 | |
| Beastiary | 3 | |
| War Mill | 1 | |
| Fortress | 1 | |
| Watch Tower | 3 | |
19 total
» build order
00:19 Altar of Storms
00:25 Orc Burrow
00:50 Barracks
01:36 Orc Burrow
02:57 Stronghold
02:57 Stronghold
02:58 Stronghold
03:11 Voodoo Lounge
05:16 Orc Burrow
06:24 Beastiary
06:25 Beastiary
06:31 War Mill
09:22 Orc Burrow
09:25 Fortress
12:24 Watch Tower
12:27 Watch Tower
12:37 Beastiary
12:53 Orc Burrow
13:26 Watch Tower
» items
| Circlet of Nobility | 1 | |
| Boots of Speed | 1 | |
| Healing Salve | 2 | |
| Potion of Mana | 1 | |
| Dust of Appearance | 1 | |
| Orb of Lightning | 1 | |
7 total

»
vS)DReAMs (
pink | 143 APM | 2410 actions | 16:50)
4 Death Knight
2 Death Coil
2 Unholy Aura
» actions
| Assign group hotkey | 25 | |
| Build / train | 57 | |
| ESC pressed | 2 | |
| Enter build submenu | 14 | |
| Enter hero's abilities submenu | 4 | |
| Give item / drop item | 1 | |
| Remove unit from queue | 1 | |
| Right click | 559 | |
| Select / deselect | 134 | |
| Select group hotkey | 1558 | |
| Use ability | 55 | |
2410 total
» units
| Acolyte | 5 | |
| Ghoul | 6 | |
| Frost Wyrm | 11 | |
22 total
» upgrades
| Freezing Breath | 1 | |
| Creature Attack | 2 | |
| Web | 1 | |
| Creature Carapace | 1 | |
5 total
» buildings
| Crypt | 1 | |
| Graveyard | 1 | |
| Halls of the Dead | 5 | |
| Ziggurat | 7 | |
| Altar of Darkness | 1 | |
| Tomb of Relics | 1 | |
| Black Citadel | 5 | |
| Sacrificial Pit | 1 | |
| Boneyard | 3 | |
| Nerubian Tower | 2 | |
27 total
» build order
00:21 Crypt
00:26 Graveyard
01:39 Halls of the Dead
01:39 Halls of the Dead
01:39 Halls of the Dead
02:09 Ziggurat
02:37 Altar of Darkness
02:48 Ziggurat
03:12 Tomb of Relics
03:21 Ziggurat
04:03 Black Citadel
04:03 Black Citadel
04:04 Black Citadel
04:33 Sacrificial Pit
04:44 Ziggurat
06:34 Boneyard
06:40 Boneyard
06:58 Boneyard
08:51 Ziggurat
08:53 Ziggurat
11:04 Nerubian Tower
11:54 Nerubian Tower
12:50 Ziggurat
» items
| Boots of Speed | 1 | |
| Staff of Teleportation | 1 | |
| Dust of Appearance | 1 | |
| Healing Salve | 2 | |
| Lesser Clarity Potion | 2 | |
7 total

»
lacoSte. (
purple | 20 APM | 342 actions | 16:50)
2 Blademaster
1 Wind Walk
1 Critical Strike
» actions
| Build / train | 22 | |
| Enter build submenu | 9 | |
| Enter hero's abilities submenu | 2 | |
| Right click | 179 | |
| Select / deselect | 103 | |
| Use ability | 27 | |
342 total
» units
» buildings
| Altar of Storms | 1 | |
| Orc Burrow | 6 | |
| Barracks | 1 | |
| Stronghold | 1 | |
| Beastiary | 1 | |
10 total
» build order
00:14 Altar of Storms
00:40 Orc Burrow
01:26 Orc Burrow
01:47 Barracks
02:27 Orc Burrow
06:00 Orc Burrow
07:16 Orc Burrow
08:47 Stronghold
11:27 Beastiary
11:56 Orc Burrow
» items
team 2 (loser)
priciology (
blue | 109 APM | 1809 actions | 16:32)
3 Blademaster
2 Wind Walk
1 Critical Strike
2 Shadow Hunter
1 Hex
1 Healing Wave
» actions
| Assign group hotkey | 23 | |
| Basic commands | 131 | |
| Build / train | 61 | |
| ESC pressed | 2 | |
| Enter build submenu | 10 | |
| Enter hero's abilities submenu | 5 | |
| Remove unit from queue | 1 | |
| Right click | 757 | |
| Select / deselect | 429 | |
| Select group hotkey | 285 | |
| Use ability | 105 | |
1809 total
» units
| Peon | 8 | |
| Grunt | 5 | |
| Troll Batrider | 15 | |
| Spirit Walker | 3 | |
| Raider | 3 | |
34 total
» upgrades
| Berserker Strength | 1 | |
| Ensnare | 1 | |
| Spirit Walker Training | 1 | |
3 total
» buildings
| Altar of Storms | 1 | |
| Orc Burrow | 4 | |
| Barracks | 1 | |
| Voodoo Lounge | 1 | |
| Stronghold | 1 | |
| Beastiary | 1 | |
| Spirit Lodge | 1 | |
| War Mill | 1 | |
11 total
» build order
00:07 Altar of Storms
00:20 Orc Burrow
00:37 Barracks
01:28 Orc Burrow
01:55 Voodoo Lounge
03:49 Stronghold
04:57 Orc Burrow
07:57 Beastiary
07:59 Spirit Lodge
08:41 War Mill
08:52 Orc Burrow
» items
| Healing Salve | 6 | |
| Scroll of Speed | 3 | |
| Lesser Clarity Potion | 2 | |
11 total
r.o.a.r. (
yellow | 59 APM | 992 actions | 16:50)
4 Shadow Hunter
2 Healing Wave
2 Hex
3 Tauren Chieftain
2 Endurance Aura
1 War Stomp
» actions
| Assign group hotkey | 27 | |
| Basic commands | 28 | |
| Build / train | 74 | |
| ESC pressed | 2 | |
| Enter build submenu | 14 | |
| Enter hero's abilities submenu | 7 | |
| Give item / drop item | 2 | |
| Right click | 454 | |
| Select / deselect | 182 | |
| Select group hotkey | 137 | |
| Use ability | 65 | |
992 total
» units
| Peon | 9 | |
| Grunt | 12 | |
| Troll Batrider | 13 | |
| Shaman | 4 | |
| Tauren | 2 | |
| Troll Headhunter/Berserker | 3 | |
43 total
» upgrades
| Shaman Training | 2 | |
| Reinforced Defenses | 1 | |
| Witch Doctor Training | 1 | |
| Berserker Upgrade | 1 | |
5 total
» buildings
| Altar of Storms | 1 | |
| Orc Burrow | 5 | |
| Barracks | 1 | |
| War Mill | 2 | |
| Voodoo Lounge | 1 | |
| Stronghold | 2 | |
| Spirit Lodge | 2 | |
| Fortress | 3 | |
| Beastiary | 1 | |
| Tauren Totem | 1 | |
19 total
» build order
00:06 Altar of Storms
00:13 Orc Burrow
00:58 Barracks
01:39 Orc Burrow
02:38 War Mill
03:08 Orc Burrow
03:20 War Mill
04:09 Voodoo Lounge
05:06 Stronghold
05:15 Orc Burrow
07:24 Orc Burrow
07:33 Spirit Lodge
07:35 Fortress
07:36 Fortress
07:36 Fortress
08:44 Beastiary
10:51 Tauren Totem
11:31 Spirit Lodge
» items
| Healing Salve | 3 | |
| Lesser Clarity Potion | 1 | |
| Scroll of Speed | 1 | |
| Potion of Healing | 1 | |
| Potion of Mana | 1 | |
| Scroll of Town Portal | 4 | |
11 total
WayneBrady12345 (
red | 37 APM | 604 actions | 16:22)
4 Death Knight
2 Death Coil
2 Unholy Aura
2 Lich
1 Frost Nova
1 Dark Ritual
» actions
| Assign group hotkey | 29 | |
| Build / train | 45 | |
| Enter build submenu | 11 | |
| Enter hero's abilities submenu | 6 | |
| Give item / drop item | 1 | |
| Right click | 309 | |
| Select / deselect | 132 | |
| Select group hotkey | 20 | |
| Use ability | 51 | |
604 total
» units
| Acolyte | 2 | |
| Ghoul | 3 | |
| Crypt Fiend | 14 | |
19 total
» upgrades
| Creature Attack | 2 | |
| Creature Carapace | 1 | |
| Web | 1 | |
4 total
» buildings
| Altar of Darkness | 1 | |
| Ziggurat | 5 | |
| Crypt | 1 | |
| Graveyard | 1 | |
| Tomb of Relics | 1 | |
| Nerubian Tower | 1 | |
| Halls of the Dead | 1 | |
| Spirit Tower | 1 | |
| Black Citadel | 1 | |
| Sacrificial Pit | 1 | |
14 total
» build order
00:09 Altar of Darkness
00:15 Ziggurat
00:24 Crypt
01:15 Graveyard
01:24 Tomb of Relics
01:50 Nerubian Tower
02:36 Ziggurat
03:32 Ziggurat
04:58 Halls of the Dead
05:06 Spirit Tower
09:54 Ziggurat
11:22 Black Citadel
12:32 Ziggurat
12:39 Sacrificial Pit
» items
| Rod of Necromancy | 1 | |
| Scroll of Healing | 1 | |
| Potion of Mana | 3 | |
| Potion of Healing | 3 | |
| Scroll of Town Portal | 1 | |
| Orb of Corruption | 1 | |
10 total
I1ll1lIll11ll1I (
green | 48 APM | 757 actions | 15:51)
2 Blademaster
1 Wind Walk
1 Critical Strike
» actions
| Assign group hotkey | 7 | |
| Basic commands | 1 | |
| Build / train | 36 | |
| Enter build submenu | 16 | |
| Enter hero's abilities submenu | 2 | |
| Right click | 391 | |
| Select / deselect | 184 | |
| Select group hotkey | 64 | |
| Use ability | 56 | |
757 total
» units
| Peon | 13 | |
| Wind Rider | 2 | |
| Troll Batrider | 10 | |
25 total
» upgrades
| Ranged Weapons | 3 | |
| Armor | 1 | |
| Liquid Fire | 1 | |
5 total
» buildings
| Orc Burrow | 8 | |
| Altar of Storms | 1 | |
| War Mill | 1 | |
| Stronghold | 1 | |
| Voodoo Lounge | 1 | |
| Fortress | 1 | |
| Beastiary | 3 | |
| Spirit Lodge | 1 | |
17 total
» build order
01:12 Orc Burrow
01:22 Altar of Storms
01:28 Orc Burrow
02:21 Orc Burrow
03:01 War Mill
03:53 Orc Burrow
04:32 Stronghold
04:52 Voodoo Lounge
06:47 Orc Burrow
07:17 Fortress
07:22 Beastiary
07:26 Beastiary
07:31 Beastiary
07:34 Orc Burrow
08:32 Spirit Lodge
08:49 Orc Burrow
09:36 Orc Burrow
» items
Chat log
(00:15 / All) vS)DReAMs: prostitutiion
(00:40 / All) WayneBrady12345: yep
(00:47 / All) vS)DReAMs: BOYS HAVE A PENIS GIRLS HAVE A VAGINA
(01:07 / All) WayneBrady12345: good job billy now go write it on the bored
(01:11 / Allies) Plashendel: kindergarden cop my nig
(01:21 / Allies) vS)DReAMs: GJ
(02:13 / All) WayneBrady12345: im really fucked up on aderol and cant sleep
(02:29 / All) vS)DReAMs: YOU SHOULD BE PLAYIN REALLY PRO THOUGH
(02:40 / All) WayneBrady12345: then*
(02:51 / All) vS)DReAMs: LOL
(02:53 / Allies) vS)DReAMs: EXACTLY
(02:56 / All) r.o.a.r.: lol
(02:58 / All) vS)DReAMs: EXACTLY
(03:55 / Allies) BMtakesskill: get wood peons
(03:58 / Allies) BMtakesskill: you got luike 7 on wood
(04:06 / Allies) BMtakesskill: shop
(04:27 / Allies) BMtakesskill: you have 7 on gold
(04:51 / Allies) BMtakesskill: use health
(04:58 / Allies) BMtakesskill: wow
(05:19 / Allies) BMtakesskill: so bad dude
(05:29 / All) WayneBrady12345: wow that hurt lmfao
(05:32 / Allies) lacoSte.: yea i know
(08:27 / Allies) vS)DReAMs: BAK TO BURROWS
(09:39 / Allies) BMtakesskill: come teal
(11:41 / Allies) vS)DReAMs: GOLD
(12:16 / Allies) BMtakesskill: Purp give me your resources
(12:33 / Allies) BMtakesskill: ty
(14:47 / Allies) BMtakesskill: purp more gold?
(14:53 / Allies) vS)DReAMs: B
(15:09 / Allies) lacoSte.: thats it
(16:19 / Allies) vS)DReAMs: GOLD?
(16:20 / All) WayneBrady12345: only so much 2 people can do
(16:31 / All) priciology: oj your mother is fucking by a dog
(16:47 / All) r.o.a.r.: hes of the higher intelligence sort